 Dungeon Crawl Stone Soup version 0.23.2 (webtiles) character file.

Game seed: 48957369839549555

217016 esteth the Executioner (level 18, -6/174 HPs)
             Began as a Minotaur Berserker on Apr 5, 2019.
             Was a High Priest of Trog.
             Mangled by a yaktaur (18 damage)
             ... summoned by a glowing orange brain
             ... on level 2 of the Vaults.
             The game lasted 01:34:24 (38161 turns).

esteth the Executioner (Minotaur Berserker)        Turns: 38161, Time: 01:34:25

Health: -6/174     AC: 27    Str: 28    XL:     18   Next: 37%
Magic:  31/31      EV: 16    Int:  4    God:    Trog [*****.]
Gold:   1807       SH:  0    Dex: 14    Spells: 17/17 levels left

rFire    . . .     SeeInvis +   B - +5 executioner's axe (venom)
rCold    . . .     Gourm    .   (shield currently unavailable)
rNeg     . . .     Faith    .   O - +2 chain mail of Parts Unknown {+Inv MP+9 Str+4 SInv}
rPois    +         Spirit   .   (helmet restricted)
rElec    .         Reflect  +   t - +2 cloak {+Inv}
rCorr    .         Harm     .   o - +2 pair of gloves
MR       +....                  s - +1 pair of boots
Stlth    ..........             K - +3 amulet of reflection
HPRegen  0.39/turn              b - ring "Tussus" {rPois AC+1 Dex-2 Slay+3 Stlth+}
MPRegen  0.22/turn              F - +4 ring of slaying

@: confused, hasted, studying Crossbows, very quick
A: retaliatory headbutt, horns 2
}: 1/15 runes: serpentine
a: Berserk, Trog's Hand, Brothers in Arms, Renounce Religion, Evoke Invisibility


You were on level 2 of the Vaults.
You worshipped Trog.
Trog was extremely pleased with you.
You were not hungry.

You visited 6 branches of the dungeon, and saw 30 of its levels.
You visited 1 bazaar.

You collected 2931 gold pieces.
You spent 1124 gold pieces at shops.

Inventory:

Hand Weapons
 d - a +3 antimagic battleaxe
 f - a +2 whip of flaming
 m - the +11 rapier "Fetyefip" {venom, MR+}
   (You took it off a vault sentinel on level 1 of the Vaults)

   It poisons the flesh of those it strikes.
   It affects your resistance to hostile enchantments.
 B - a +5 executioner's axe of venom (weapon)
 P - a +2 battleaxe of electrocution
Missiles
 w - 6 poisoned javelins
 I - 3 javelins of penetration (quivered)
 S - 13 javelins
Armour
 o - a +2 pair of gloves (worn)
 s - a +1 pair of boots (worn)
 t - a +2 cloak of invisibility (worn)
 u - a scarf of repulsion
 O - the +2 chain mail of Parts Unknown (worn) {+Inv MP+9 Str+4 SInv}
   (You found it on level 3 of the Lair of Beasts)

   It affects your strength (+4).
   It affects your magic capacity (+9).
   It lets you see invisible.
   It lets you turn invisible.
 V - the +0 cloak of Coseil {rElec Regen+ Str-5}
   (You bought it in a shop on level 11 of the Dungeon)

   It affects your strength (-5).
   It insulates you from electricity.
   It increases your rate of regeneration.
Jewellery
 b - the ring "Tussus" (left hand) {rPois AC+1 Dex-2 Slay+3 Stlth+}
   (You found it on level 6 of the Lair of Beasts)

   [ring of protection]

   It affects your AC (+1).
   It affects your dexterity (-2).
   It affects your accuracy and damage with ranged weapons and melee attacks
   (+3).
   It protects you from poison.
   It makes you more stealthy.
 E - an uncursed ring of protection from fire
 F - a +4 ring of slaying (right hand)
 K - a +3 amulet of reflection (around neck)
 N - an uncursed ring of resist corrosion
Wands
 a - a wand of polymorph (5)
 l - a wand of iceblast (38)
 J - a wand of flame (42)
 L - a wand of enslavement (33)
 M - a wand of disintegration (24)
 T - a wand of paralysis (38)
 U - a wand of digging (4)
 W - a wand of acid (17)
Scrolls
 g - a scroll of acquirement {unknown}
 i - 10 scrolls of remove curse
 n - a scroll of vulnerability {unknown}
 p - 5 scrolls of blinking
 q - a scroll of holy word
 r - 5 scrolls of magic mapping
 y - 6 scrolls of fog
 C - 4 scrolls of identify
 X - a scroll of enchant weapon
 Y - a scroll of enchant armour
 Z - 3 scrolls of teleportation
Potions
 h - 5 potions of mutation
 j - 7 potions of curing
 k - 4 potions of ambrosia
 x - 3 potions of agility
 z - 2 potions of cancellation
 A - a potion of resistance
 D - 2 potions of flight {unknown}
 G - a potion of brilliance
Books
 R - a manual of Crossbows
Miscellaneous
 H - a lamp of fire
 Q - a fan of gales
Comestibles
 c - 35 rations
 v - 5 chunks of flesh


   Skills:
 + Level 18.8 Fighting
 - Level 24.0 Axes
 + Level 17.0 Armour
 - Level 11.4 Dodging
   Level 4.2 Shields
 - Level 6.8 Evocations


You had 17 spell levels left.
You didn't know any spells.
Your spell library was empty.

Dungeon Overview and Level Annotations

Branches:
Dungeon (15/15)            Temple (0/1) D:4            Lair (6/6) D:8
 Shoals (0/4) Lair:4        Snake (4/4) Lair:4        Slime (0/5) Lair:5
    Orc (2/2) D:9             Elf (1/3) Orc:2        Vaults (2/5) D:13
 Depths (0/5) D:15
  Crypt: Vaults:2-3

Altars:
Ashenzari
Cheibriados
Dithmenos
Kikubaaqudgha
Ru
Sif Muna
Uskayaw
Vehumet
Wu Jian
Yredelemnul
Zin
Beogh

Shops:
D:11 [?   D:15 [   Orc:1 *   Orc:2 ?=*?   Snake:2 }}=   Snake:3 (   Vaults:1 [
Vaults:2 *

Annotations:
Elf:1 Jorgrun


Innate Abilities, Weirdness & Mutations

You reflexively headbutt those who attack you in melee.
You have a pair of horns on your head.


Message History

A cyclops comes into view.
The yaktaur completely misses you.
The yaktaur hits you but does no damage. x2
The vault warden completely misses you.
The yaktaur hits you but does no damage.
The yaktaur hits you but does no damage. x3
You can move again.
Okay, then.
You feel yourself speed up.
The vault warden hits you with a +2 great sword of electrocution!!!
* * * LOW HITPOINT WARNING * * *
The orc knight misses you. The yaktaur barely misses you.
The yaktaur closely misses you. The yaktaur misses you.
Okay, then.
You're too confused!
Okay, then.
You bump into the stone wall.
The ironbrand convoker gestures at the yaktaur while chanting.
The yaktaur seems to grow stronger.
The yaktaur hits you!!
You die...

.#..# ... #...#
############+ ...
)...# ............
...
''######..........#
...
...#.#.#..........#
..
#.#<#.##..........#
.#.#.#.#.......C..#
#.#.#.##.......coc#
.#.#.#.#......pG@c#
#.#.#..#########pc#
.#.#.#.#.......#..#
#.#.#.##.......#..#
.#.#.#.'.......#..#
#.#.#.##.......#..#
...#.# #.......#..#
##'##
#.......#..##########
.....
#.......#............


You could see a vault warden, an orc knight, a glowing orange brain, a centaur
warrior, a cyclops, an ironbrand convoker and 3 yaktaurs.

Vanquished Creatures
  Nikola (Vaults:1)
  Rupert (D:14)
  A storm dragon (Vaults:2)
  A tengu reaver (D:12)
  Kirke (D:12)
  7 nagarajas
  An orc warlord (Orc:2)
  4 vault wardens
  Aizul (Snake:2)
  6 ironheart preservers
  A stone giant (Vaults:1)
  Azrael (D:15)
  An entropy weaver (Vaults:2)
  Snorg (Lair:4)
  2 yaktaur captains (Vaults:2)
  A great orb of eyes (Vaults:1)
  A fire dragon (D:15)
  10 naga warriors
  A vault guard (Vaults:1)
  8 hydras
  23 anacondas
  5 centaur warriors
  An ice dragon (D:15)
  A death knight (Vaults:1)
  A deep troll shaman (Vaults:1)
  A death yak (Lair:4)
  2 tengu warriors
  4 ogre magi
  14 two-headed ogres
  7 shock serpents
  Urug (D:11)
  A deep troll earth mage (Vaults:1)
  4 orc high priests (Orc:2)
  3 deep elf knights (Vaults:2)
  11 naga sharpshooters
  A fire crab (Lair:5)
  5 salamander mystics
  2 shadow wraiths (Vaults:1)
  10 skeletal warriors (Vaults:2)
  A deep elf archer (Vaults:1)
  A flayed ghost (Vaults:1)
  8 naga ritualists
  6 unseen horrors
  2 wizards
  2 deep trolls (Vaults:1)
  8 orc knights
  7 ironbrand convokers
  5 lindwurms
  Pikel (D:4)
  7 deep elf magi
  An oklob plant (Lair:1)
  A harpy (Vaults:2)
  4 ugly things
  8 salamanders
  3 manticores
  9 mana vipers
  6 cyclopes
  4 orc sorcerers (Orc:2)
  7 guardian serpents
  2 elephants (Lair:6)
  2 centaur zombies (D:12)
  11 spiny frogs
  A torpor snail (Lair:5)
  25 black mambas
  12 naga magi
  3 vault sentinels (Vaults:1)
  2 gargoyles (D:15)
  A spiny frog (shapeshifter) (Vaults:1)
  4 freezing wraiths
  7 yaktaurs
  9 komodo dragons
  2 tengu conjurers (D:15)
  12 trolls
  9 polar bears
  9 hornets
  21 slime creatures
  13 hippogriffs
  Grinder (D:4)
  A dream sheep (Lair:6)
  6 blink frogs
  2 shadows (D:11)
  2 vampires
  3 wraiths
  13 spriggans (Lair:6)
  A tarantella (Vaults:2)
  2 wyverns
  A fire elemental (D:15)
  A redback (Vaults:2)
  2 hungry ghosts
  A hog (D:12)
  24 yaks
  3 basilisks
  2 vampire mosquitoes (D:15)
  4 wargs (Orc:2)
  32 nagas
  Duvessa (D:7)
  4 acid dragons
  3 hell hounds (D:15)
  8 porcupines
  10 water moccasins
  5 phantoms
  6 ice beasts
  3 sky beasts
  5 eyes of draining
  4 black bears
  A necrophage (D:13)
  52 orc warriors
  30 ogres
  4 boggarts (Lair:6)
  19 wolves (Lair:6)
  21 centaurs
  9 crocodiles
  21 bullfrogs
  3 big kobolds
  A gnoll sergeant (Orc:2)
  2 wyvern zombies
  A wyvern skeleton (D:15)
  5 scorpions
  A scorpion (shapeshifter) (Vaults:2)
  Dowan (D:7)
  3 wights (D:11)
  9 killer bees
  An electric eel (Lair:5)
  4 howler monkeys
  3 bullfrog zombies
  9 crimson imps
  3 centaur skeletons
  9 hounds
  31 orc priests
  2 bullfrog skeletons
  21 orc wizards
  5 quasits
  5 iguanas
  4 jellies
  9 worker ants
  A killer bee zombie (D:10)
  A worker ant zombie (D:11)
  3 gnolls (D:6)
  A howler monkey skeleton (D:7)
  7 adders
  2 shadow imps
  7 oozes
  3 adder zombies
  2 adder skeletons
  6 worms
  A dart slug (D:1)
  2 leopard geckos
  116 orcs
  11 giant cockroaches
  10 goblins
  6 hobgoblins
  15 jackals
  A quokka (D:2)
  2 ball pythons
  7 bats
  3 frilled lizards
  22 kobolds
  A quokka skeleton (D:5)
  10 rats
  A fungus (Lair:6)
  3 plants
1067 creatures vanquished.

Vanquished Creatures (collateral kills)
  A nagaraja (Snake:4)
  2 vault wardens (Vaults:1)
  Nessos (Lair:6)
  A two-headed ogre (D:14)
  A naga ritualist (Snake:4)
  2 cyclopes (Vaults:1)
  An elephant (Lair:6)
  2 yaktaurs (Vaults:1)
  A hippogriff (Lair:6)
  A water moccasin (Lair:6)
  4 nagas
  An ogre (D:14)
  A wyvern skeleton (D:14)
  A shadow imp (D:14)
20 creatures vanquished.

Vanquished Creatures (others)
  A naga sharpshooter (Snake:3)
  A salamander mystic (Snake:4)
  A vault sentinel (Vaults:1)
  A naga mage (Snake:4)
  An iguana (D:4)
  15 fungi
  10 plants
30 creatures vanquished.

Grand Total: 1117 creatures vanquished

Notes
Turn   | Place    | Note
-------+----------+-------------------------------------------
     0 | D:1      | esteth the Minotaur Berserker began the quest for the Orb.
     0 | D:1      | Reached XP level 1. HP: 19/19 MP: 0/0
     1 | D:1      | Found a runed translucent door.
    18 | D:1      | Reached skill level 4 in Axes
    18 | D:1      | Reached XP level 2. HP: 21/27 MP: 1/1
    30 | D:1      | Reached XP level 3. HP: 27/34 MP: 2/2
  1057 | D:2      | Reached ** piety under Trog
  1186 | D:2      | Reached skill level 5 in Fighting
  1186 | D:2      | Reached skill level 5 in Axes
  1186 | D:2      | Reached XP level 4. HP: 37/42 MP: 3/3
  1371 | D:2      | You fall through a shaft for 2 floors!
  1414 | D:4      | Noticed Pikel
  1414 | D:4      | Noticed a slave
  1414 | D:4      | Noticed a slave
  1414 | D:4      | Noticed a slave
  1493 | D:4      | Killed Pikel
  1493 | D:4      | Reached skill level 7 in Axes
  1493 | D:4      | Reached XP level 5. HP: 52/52 MP: 4/4
  1493 | D:4      | Reached XP level 6. HP: 60/60 MP: 5/5
  1493 | D:4      | Reached XP level 7. HP: 66/66 MP: 6/6
  1537 | D:4      | Found a staircase to the Ecumenical Temple.
  1971 | D:3      | Found an ancient bone altar of Kikubaaqudgha.
  1973 | D:3      | Found a glowing silver altar of Zin.
  2496 | D:2      | Found an ornate altar of the Wu Jian Council.
  2646 | D:2      | Reached *** piety under Trog
  2792 | D:2      | Found a basalt altar of Yredelemnul.
  2792 | D:2      | Found a deep blue altar of Sif Muna.
  3001 | D:4      | Noticed Grinder
  3003 | D:4      | Paralysed by Grinder for 7 turns
  3021 | D:4      | Killed Grinder
  3021 | D:4      | Reached skill level 8 in Axes
  3537 | D:5      | Entered Level 5 of the Dungeon
  3785 | D:5      | Reached skill level 9 in Axes
  3785 | D:5      | Reached XP level 8. HP: 56/75 MP: 7/7
  4581 | D:6      | Reached skill level 10 in Axes
  4772 | D:6      | Reached skill level 11 in Axes
  4838 | D:6      | Received a gift from Trog
  5085 | D:6      | Reached skill level 12 in Axes
  5171 | D:6      | Reached XP level 9. HP: 64/82 MP: 8/8
  5595 | D:7      | You fall through a shaft!
  5595 | D:8      | Found a hide-covered altar of Uskayaw.
  5619 | D:8      | Reached skill level 13 in Axes
  5622 | D:8      | Reached **** piety under Trog
  5859 | D:8      | Noticed a two-headed ogre
  5918 | D:7      | Reached skill level 14 in Axes
  6094 | D:7      | Reached XP level 10. HP: 68/91 MP: 9/9
  6295 | D:7      | Found a radiant altar of Vehumet.
  6352 | D:7      | Noticed Dowan
  6353 | D:7      | Noticed Duvessa
  6355 | D:7      | Found a shattered altar of Ashenzari.
  6360 | D:7      | Killed Dowan
  6363 | D:7      | Killed Duvessa
  6668 | D:8      | Found a sacrificial altar of Ru.
  6683 | D:8      | Killed a two-headed ogre
  6683 | D:8      | Reached skill level 5 in Armour
  6878 | D:8      | Found a staircase to the Lair.
  6897 | D:8      | Reached skill level 5 in Dodging
  7527 | D:9      | Got a pair of warped gloves
  7533 | D:9      | Identified the cursed -6 pair of gloves of the Tuna {rC+}
                  | (You found it on level 9 of the Dungeon)
  7565 | D:9      | Reached skill level 15 in Axes
  7814 | D:9      | Found a roughly hewn altar of Beogh.
  7814 | D:9      | Found a staircase to the Orcish Mines.
  8071 | D:9      | Reached XP level 11. HP: 99/99 MP: 10/10
  8113 | D:9      | Found a snail-covered altar of Cheibriados.
  8187 | D:10     | Entered Level 10 of the Dungeon
  8320 | D:10     | Reached skill level 16 in Axes
  8356 | D:10     | Noticed a five-headed hydra
  8375 | D:10     | Killed a five-headed hydra
  8375 | D:10     | Reached skill level 10 in Fighting
  8445 | D:10     | Reached ***** piety under Trog
  8502 | D:10     | Noticed a two-headed ogre
  8507 | D:10     | Killed a two-headed ogre
  9202 | Lair:1   | Entered Level 1 of the Lair of Beasts
  9401 | Lair:1   | Noticed an oklob plant
  9510 | Lair:1   | Killed an oklob plant
 10329 | Lair:2   | Noticed a four-headed hydra
 10338 | Lair:2   | Killed a four-headed hydra
 11388 | Lair:3   | Reached XP level 12. HP: 78/110 MP: 11/11
 11970 | Lair:3   | Got a jacinth-encrusted chain mail
 11971 | Lair:3   | Identified the +2 chain mail of Parts Unknown {+Inv MP+9
                  | Str+4 SInv} (You found it on level 3 of the Lair of Beasts)
 12283 | Lair:4   | Noticed a four-headed hydra
 12293 | Lair:4   | Killed a four-headed hydra
 12300 | Lair:4   | Noticed Snorg
 12313 | Lair:4   | Killed Snorg
 12874 | Lair:4   | Found a staircase to the Shoals.
 12914 | Lair:4   | Found a staircase to the Snake Pit.
 12932 | Lair:4   | Reached skill level 10 in Armour
 13384 | Lair:5   | Noticed a death yak
 13418 | Lair:4   | Killed a death yak
 13833 | Lair:5   | HP: 3/113 [fire crab (11)]
 14462 | Lair:5   | Found a staircase to the Slime Pits.
 14696 | Lair:6   | Entered Level 6 of the Lair of Beasts
 14831 | Lair:6   | Reached skill level 10 in Dodging
 15070 | Lair:6   | Noticed a seven-headed hydra
 15079 | Lair:6   | Killed a seven-headed hydra
 15079 | Lair:6   | Reached XP level 13. HP: 97/122 MP: 12/12
 15753 | Lair:6   | Got a slimy lead ring
 15754 | Lair:6   | Identified the ring "Tussus" {rPois AC+1 Dex-2 Slay+3
                  | Stlth+} (You found it on level 6 of the Lair of Beasts)
 16003 | Lair:6   | Noticed Nessos
 16015 | Lair:6   | Killed Nessos
 16160 | Lair:6   | Reached skill level 1 in Evocations
 16695 | D:11     | Noticed Urug
 16719 | D:11     | Killed Urug
 16723 | D:11     | Reached skill level 5 in Evocations
 16924 | D:11     | Received a gift from Trog
 17048 | D:11     | Found Delyny Ehen's Antique Armour Boutique.
 17071 | D:11     | Bought a pair of embroidered gloves for 187 gold pieces
 17076 | D:11     | Bought a brightly glowing cloak for 237 gold pieces
 17086 | D:11     | Identified the cursed +0 cloak of Coseil {rElec Regen+
                  | Str-5} (You bought it in a shop on level 11 of the Dungeon)
 17112 | D:11     | Reached XP level 14. HP: 132/132 MP: 17/17
 17455 | D:11     | Found Aphik's Magic Scroll Shop.
 17472 | D:11     | Bought a scroll of blinking for 112 gold pieces
 17682 | D:12     | Noticed Kirke
 17777 | D:12     | Killed Kirke
 17777 | D:12     | Reached skill level 17 in Axes
 17988 | D:12     | Noticed a tengu reaver
 17996 | D:12     | Killed a tengu reaver
 18449 | D:13     | Found a shattered altar of Ashenzari.
 18457 | D:13     | Reached skill level 18 in Axes
 18474 | D:13     | Received a gift from Trog
 18481 | D:13     | Got a bone battleaxe {god gift}
 18482 | D:13     | Identified the +4 battleaxe of the Lurker {drain, *Corrode
                  | +Rage MR+} (Trog gifted it to you on level 13 of the
                  | Dungeon)
 18685 | D:13     | Found a gate to the Vaults.
 19343 | D:14     | Noticed Rupert
 19353 | D:14     | Killed Rupert
 19353 | D:14     | Reached skill level 19 in Axes
 20106 | D:15     | Entered Level 15 of the Dungeon
 20414 | D:15     | Noticed Azrael
 20421 | D:15     | Killed Azrael
 20421 | D:15     | Reached skill level 20 in Axes
 20421 | D:15     | Reached XP level 15. HP: 138/138 MP: 18/18
 20568 | D:15     | Found a shadowy altar of Dithmenos.
 20644 | D:15     | Found a staircase to the Depths.
 20713 | D:15     | Found Seomuth's Armour Emporium.
 21283 | Orc:1    | Entered Level 1 of the Orcish Mines
 21313 | Orc:1    | Found Cafuox's Assorted Antiques.
 21449 | Orc:2    | Entered Level 2 of the Orcish Mines
 22515 | Orc:2    | Received a gift from Trog
 22576 | Orc:2    | Found a staircase to the Elven Halls.
 22623 | Orc:2    | Paralysed by an orc sorcerer for 3 turns
 23027 | Orc:2    | Found a roughly hewn altar of Beogh.
 23170 | Orc:2    | Found Tust's Magic Scroll Boutique.
 23172 | Orc:2    | Received a gift from Trog
 23188 | Orc:2    | Bought a scroll of brand weapon for 280 gold pieces
 23194 | Orc:2    | Found Liyc Buo's Jewellery Shop.
 23208 | Orc:2    | Bought a +3 amulet of reflection for 188 gold pieces
 23627 | Orc:2    | Found a roughly hewn altar of Beogh.
 23627 | Orc:2    | Noticed an orc warlord
 23649 | Orc:2    | Killed an orc warlord
 23851 | Orc:2    | Found Goaron's Magic Scroll Shop.
 23877 | Orc:2    | Bought a scroll of blinking for 120 gold pieces
 23934 | Orc:2    | Found Kutun's Assorted Antiques.
 23946 | Orc:2    | Reached skill level 21 in Axes
 24256 | Elf:1    | Entered Level 1 of the Elven Halls
 24256 | Elf:1    | Noticed Jorgrun
 24563 | Snake:1  | Entered Level 1 of the Snake Pit
 26436 | Snake:2  | Found Atoef's Gadget Shoppe.
 26439 | Snake:2  | Found Ydexzor's Jewellery Shop.
 26441 | Snake:2  | Found Woir's Gadget Shoppe.
 26564 | Snake:2  | Noticed Aizul
 26578 | Snake:2  | Killed Aizul
 27473 | Snake:3  | Reached skill level 22 in Axes
 27747 | Snake:3  | Reached XP level 16. HP: 144/147 MP: 9/20
 27952 | Snake:3  | Found a flickering gateway to a bazaar.
 27961 | Bazaar   | Entered a bazaar
 28019 | Bazaar   | Found Vipn's Jewellery Shop.
 28032 | Bazaar   | Found Moddepnu's Antique Armour Shop.
 28293 | Snake:3  | Found Mojurgh's Weapon Shop.
 29107 | Snake:3  | Received a gift from Trog
 29108 | Snake:3  | Identified the +2 scale mail of Varez {rC- rN+ Dex+4}
 29465 | Snake:3  | Reached skill level 23 in Axes
 30417 | Snake:4  | Entered Level 4 of the Snake Pit
 31875 | Snake:4  | Reached skill level 24 in Axes
 31876 | Snake:4  | Reached skill level 15 in Fighting
 32559 | Snake:4  | Received a gift from Trog
 32715 | Snake:4  | Reached XP level 17. HP: 139/157 MP: 21/21
 34021 | Snake:4  | Got a serpentine rune of Zot
 34534 | Vaults:1 | Entered Level 1 of the Vaults
 34864 | Vaults:1 | Reached skill level 15 in Armour
 34902 | Vaults:1 | Found Lomusch's Antique Armour Shoppe.
 35331 | Vaults:1 | Received a gift from Trog
 35415 | Vaults:1 | Noticed Nikola
 35431 | Vaults:1 | HP: 3/162 [Nikola/bolt of lightning (9)]
 35432 | Vaults:1 | Killed Nikola
 35636 | Vaults:1 | Identified the +11 rapier "Fetyefip" {venom, MR+}
 36373 | Vaults:1 | Reached XP level 18. HP: 71/172 MP: 22/22
 38058 | Vaults:2 | Found Yluora's General Store.
 38152 | Vaults:2 | Paralysed by a wizard for 7 turns
 38161 | Vaults:2 | Mangled by a yaktaur

Skill      XL: |  1  2  3  4  5  6  7  8  9 10 11 12 13 14 15 16 17 18 |
---------------+-------------------------------------------------------+-----
Fighting       | 4 5 7 8 9 11 13 14 15 18 | 18.8
Axes           | 4 5 7 9 12 14 15 16 20 22 24 | 24.0
Armour         | 4 5 8 11 12 13 16 17 | 17.0
Dodging        | 3 5 7 10 11 | 11.4
Shields        | 4 |  4.2
Evocations     | 5 6 |  6.8

Action                   |  1- 3 |  4- 6 |  7- 9 | 10-12 | 13-15 | 16-18 || total
-------------------------+-------+-------+-------+-------+-------+-------++-------
Melee: Hand axe          |    80 |    24 |   366 |    59 |       |       ||   529
       Headbutt          |     8 |     5 |    74 |   140 |   214 |   158 ||   599
       War axe           |       |       |       |   486 |   213 |       ||   699
       Whip              |       |       |       |    23 |    13 |       ||    36
       Battleaxe         |       |       |       |       |   393 |       ||   393
       Unarmed           |       |       |       |       |    31 |       ||    31
       Executioner's axe |       |       |       |       |   291 |   571 ||   862
Throw: Javelin           |       |       |       |     8 |    17 |     4 ||    29
Invok: Berserk           |     1 |     1 |     3 |    11 |    13 |    10 ||    39
       Trog's Hand       |       |     1 |     3 |     6 |    12 |    11 ||    33
       Brothers in Arms  |       |       |       |     5 |     6 |     8 ||    19
 Abil: Evoke Invisibilit |       |       |       |       |       |     1 ||     1
Evoke: Wand              |       |       |       |       |     1 |       ||     1
  Use: Scroll            |       |       |     5 |    21 |    10 |    11 ||    47
       Potion            |       |       |       |     5 |    15 |    12 ||    32
 Stab: Invisible         |       |       |       |       |       |     2 ||     2
  Eat: Chunk             |     2 |     1 |    16 |    26 |    29 |    23 ||    97
       Ration            |       |       |     1 |     5 |     9 |     8 ||    23
Armor: Animal skin       |     3 |       |       |       |       |       ||     3
       Chain mail        |    26 |     5 |    93 |    69 |   429 |   288 ||   910
       Plate armour      |       |       |    98 |   197 |       |       ||   295
Dodge: Dodged            |    26 |     3 |   114 |   277 |   527 |   401 ||  1348
Block: Buckler           |       |       |       |    43 |    39 |       ||    82
       Other             |       |       |       |       |    23 |    61 ||    84
       Reflection        |       |       |       |       |       |    15 ||    15
